 Dungeon Crawl Stone Soup version 0.20.1-1-g8b1a95d (webtiles) character file.

112 RKaid the Cudgeler (level 5, -6/43 HPs)
             Began as a Formicid Chaos Knight on July 31, 2017.
             Mangled by a bullfrog (10 damage)
             ... on level 3 of the Dungeon.
             The game lasted 00:09:07 (2410 turns).

RKaid the Cudgeler (Formicid Chaos Knight)          Turns: 2410, Time: 00:09:07

Health: -6/43      AC:  7    Str: 17    XL:     5   Next: 16%
Magic:  5/5        EV: 11    Int: 12    God:    Xom [.....*]
Gold:   156        SH:  0    Dex: 10    Spells: 4/4 levels left

rFire    . . .     SeeInvis +   a - +0 mace (chaos)
rCold    . . .     Gourm    .   (no shield)
rNeg     . . .     Faith    .   d - +2 leather armour
rPois    .         Spirit   .   (helmet unavailable)
rElec    .         Reflect  .   (no cloak)
rCorr    .         Harm     .   s - +0 pair of gloves
MR       .....                  l - +0 pair of boots
Stlth    +.........             (no amulet)
Regen    0.2/turn               (no ring)
MPRegen  0.1/turn               (no ring)

@: very slightly contaminated, invisible
A: permanent stasis, dig shafts and tunnels, four strong arms, antennae 3
a: Dig, Shaft Self, Renounce Religion


You were on level 3 of the Dungeon.
You worshipped Xom.
You were Xom's teddy bear.
You were not hungry.

You visited 1 branch of the dungeon, and saw 3 of its levels.

You collected 156 gold pieces.

Inventory:

Hand Weapons
 a - a +0 mace of chaos (weapon)
 b - a +0 hunting sling
   (You found it on level 1 of the Dungeon)
Missiles
 m - 26 poisoned needles
 n - 105 stones (quivered)
 q - 22 sling bullets
Armour
 d - a +2 leather armour (worn)
 l - a +0 pair of boots (worn)
   (You found it on level 1 of the Dungeon)
 s - a +0 pair of gloves (worn)
   (You found it on level 2 of the Dungeon)
Wands
 t - a wand of polymorph (5/24)
   (You took it off Terence on level 3 of the Dungeon)
Potions
 f - 2 potions of haste {unknown}
 j - 3 potions of curing
 k - a potion of degeneration {unknown}
 o - 2 potions of brilliance
 r - 3 potions of might
 u - a potion of flight
 v - a potion of mutation {unknown}
 w - a potion of cancellation {unknown}
Comestibles
 c - 2 bread rations
 g - a meat ration
 i - 2 chunks of flesh
 p - 2 royal jellies


   Skills:
 + Level 4.5 Fighting
 * Level 4.6 Maces & Flails
 - Level 2.1 Armour
 - Level 0.8 Dodging


You had 4 spell levels left.
You didn't know any spells.

Dungeon Overview and Level Annotations

Branches:
Dungeon (3/15)

Altars:
Fedhas
Zin


Innate Abilities, Weirdness & Mutations

You cannot be hasted, slowed, berserked, paralysed or teleported.
You can dig through walls and to a lower floor.
Your four strong arms can wield two-handed weapons with a shield.
You have a pair of large antennae on your head. (SInv)


Message History

Some of the chunks of flesh in your inventory have rotted away.
You butcher the human corpse of Terence.
i - 4 chunks of flesh (gained 2)
Things that are here:
a scale mail; a short sword
Things that are here:
a scale mail; a short sword A hobgoblin comes into view.
The hobgoblin shouts!
Found a stone staircase leading down.
You closely miss the hobgoblin. The hobgoblin hits you.
You hit the hobgoblin but do no damage.
The hobgoblin hits you but does no damage.
You hit the hobgoblin.
You kill the hobgoblin!
You see here a hobgoblin corpse.
You butcher the hobgoblin corpse.
i - 6 chunks of flesh (gained 2)
You open the door.
There is an open door here.
An orc comes into view. It is wielding a short sword.
The orc shouts!
The orc closely misses you.
Some of the chunks of flesh in your inventory have rotted away.
You barely miss the orc. The orc closely misses you.
You sock the orc! You burn the orc.
You kill the orc!
You see here a short sword.
You now have 127 gold pieces (gained 13).
You are feeling hungry.
You now have 140 gold pieces (gained 13).
Eating one of 2 chunks of flesh.
You eat one of the 2 chunks of flesh.
This raw flesh tastes terrible.
n - 59 stones (gained 11)
n - 74 stones (gained 15)
You now have 156 gold pieces (gained 16).
v - a bubbling black potion You open the door.
Found a stone staircase leading up.
You see here a whip.
Found a stone staircase leading down.
w - a smoky purple potion
Found a glowing silver altar of Zin.
Found an escape hatch in the floor.
You sense a monster nearby.
n - 93 stones (gained 19)
There are no items here.
A rat comes into view.
You see here a bread ration.
c - 2 bread rations (gained 1)
The rat closely misses you.
You closely miss the rat. The rat barely misses you.
You hit the rat. You freeze the rat.
You kill the rat!
You see here a rat corpse.
You butcher the rat corpse.
i - 2 chunks of flesh (gained 1)
You see here a rat skeleton. x2
n - 105 stones (gained 12)
f - 2 smoky sapphire potions (gained 1)
You sense a monster nearby.
A bullfrog comes into view.
The bullfrog croaks.
The bullfrog moves out of view.
A bullfrog is nearby!
The bullfrog hits you but does no damage.
The bullfrog barely misses you.
You sock the bullfrog!
The bullfrog seems to slow down.
The bullfrog hits you but does no damage.
A hobgoblin comes into view. It is wielding a club.
The hobgoblin shouts!
You hit the bullfrog.
The bullfrog shakes off its lethargy.
The bullfrog goes berserk!
You hear a shout! x2
The bullfrog hits you but does no damage.
The bullfrog hits you! x2
A hobgoblin comes into view. It is wielding a club.
The bullfrog hits you!
Okay, then.
Okay, then.
Okay, then.
The bullfrog hits you!
* * * LOW HITPOINT WARNING * * *
The bullfrog misses you.
As you read the scroll labeled BANGAA WODOYS, it crumbles to dust.
The creatures around you are filled with an inner flame!
It was a scroll of immolation.
The bullfrog closely misses you. The bullfrog hits you.
* * * LOW HITPOINT WARNING * * *
As you read the scroll labeled OPRUOR SOERONA, it crumbles to dust.
You feel blessed for a moment.
It was a scroll of remove curse. "Go forth and cause havoc, mortal!"
You fade into invisibility!
The bullfrog closely misses you.
The hobgoblin hits you but does no damage.
The bullfrog closely misses you.
You are very lightly contaminated with residual magic.
A hobgoblin comes into view.
The bullfrog hits you!
You die...
Xom is highly amused!

###
............####
#.. ..#
.............#
#######). ..#
........#
#........ ..# {
g......# #........
..# #.....#
#........ ..#
#g....# #........
..#
#.....####........
..#
#Fg...........####
..#
#@#######..####
### #.#_>...8..#
#.#######..# {
#..........#
#..[..##########.
#................
#................
#####............
#............


You could see a bullfrog (berserk) and 3 hobgoblins.

Vanquished Creatures
  Terence (D:3)
  An adder (D:3)
  An ooze (D:1)
  4 dart slugs (D:1)
  A leopard gecko (D:1)
  4 orcs
  3 giant cockroaches
  7 goblins
  5 hobgoblins
  9 jackals (D:2)
  5 kobolds
  5 bats (D:1)
  5 frilled lizards
  10 rats
61 creatures vanquished.

Notes
Turn   | Place    | Note
-------+----------+-------------------------------------------
     0 | D:1      | RKaid the Formicid Chaos Knight began the quest for the Orb.
     0 | D:1      | Reached XP level 1. HP: 18/18 MP: 1/1
   124 | D:1      | Reached XP level 2. HP: 23/24 MP: 2/2
   209 | D:1      | Reached XP level 3. HP: 29/30 MP: 3/3
   445 | D:1      | XOM: divination: magic mapping
   516 | D:1      | Reached skill level 4 in Fighting
   750 | D:1      | XOM: confuse monster(s)
   821 | D:2      | XOM: noise
   844 | D:2      | Reached skill level 4 in Maces & Flails
   847 | D:2      | Reached XP level 4. HP: 32/37 MP: 4/4
  1046 | D:2      | Found a blossoming altar of Fedhas.
  1054 | D:2      | XOM: smoke on damage
  1459 | D:2      | XOM: noise
  1797 | D:3      | Noticed Terence
  1953 | D:3      | XOM: mild Conj miscast
  1954 | D:3      | XOM: cast spell 'Leda's Liquefaction'
  1956 | D:3      | XOM: potion effect (agility)
  1961 | D:3      | XOM: potion effect (curing)
  1975 | D:3      | XOM: smoke on damage
  1977 | D:3      | XOM: potion effect (curing)
  2003 | D:3      | Killed Terence
  2003 | D:3      | Reached XP level 5. HP: 22/43 MP: 5/5
  2026 | D:2      | XOM: silly message
  2362 | D:3      | Found a glowing silver altar of Zin.
  2401 | D:3      | Noticed a bullfrog
  2407 | D:3      | HP: 8/43 [bullfrog (9)]
  2409 | D:3      | XOM: potion effect (invisibility)
  2410 | D:3      | Mangled by a bullfrog

Skill      XL: |  1  2  3 |
---------------+----------+-----
Fighting       | 4 |  4.5
Maces & Flails | 4 |  4.6
Armour         | |  2.1
Dodging        | |  0.8

Action                   |  1- 3 |  4- 6 || total
-------------------------+-------+-------++-------
Melee: Mace              |    99 |    93 ||   192
 Fire: Hunting sling     |       |     4 ||     4
  Use: Scroll            |       |     7 ||     7
  Eat: Chunk             |       |     5 ||     5
Armor: Leather armour    |    57 |    25 ||    82
Dodge: Dodged            |    75 |    71 ||   146

Table legend:
 A = Turns spent in this place as a percentage of turns spent in the entire game.
 B = Non-inter-level travel turns spent in this place as a percentage of non-inter-level travel turns spent in the entire game.
 C = Inter-level travel turns spent in this place as a percentage of turns spent in this place.
 D = Turns resting spent in this place as a percentage of non-inter-level travel turns spent in this place.
 E = Turns spent auto-exploring this place as a percentage of non-inter-level travel turns spent in this place.
 F = Non-inter-level travel turns spent in this place divided by the number of levels of this place that you've seen.
                   A       B       C       D       E      F
               +-------+-------+-------+-------+-------+----------------------
         Total | 100.0 | 100.0 |   0.4 |   3.1 |   5.9 | 295.0
       Dungeon | 100.0 | 100.0 |   0.4 |   3.1 |   5.9 | 295.0
               +-------+-------+-------+-------+-------+----------------------

Table legend:
 A = Kills in this place as a percentage of kills in entire the game.
 B = Kills by you in this place as a percentage of kills by you in the entire game.
 C = Kills by friends in this place as a percentage of kills by friends in the entire game.
 D = Other kills in this place as a percentage of other kills in the entire game.
 E = Experience gained in this place as a percentage of experience gained in the entire game.
 F = Experience gained in this place divided by the number of levels of this place that you have seen.
                   A       B       C       D       E      F
               +-------+-------+-------+-------+-------+----------------------
         Total | 100.0 | 100.0 |  -nan |  -nan | 100.0 |  53.7
       Dungeon | 100.0 | 100.0 |  -nan |  -nan | 100.0 |  53.7
               +-------+-------+-------+-------+-------+----------------------
